[Event "10th Norway Chess Blitz 2022"]
[Site "Stavanger"]
[Date "2022.05.30"]
[Round "5.1"]
[White "Wang, Hao"]
[Black "Carlsen, Magnus"]
[Result "0-1"]
[ECO "D45"]
[WhiteElo "2744"]
[BlackElo "2864"]
[Annotator "TA"]
[PlyCount "94"]
[EventDate "2022.05.30"]
[EventType "tourn"]
[EventCountry "NOR"]
[SourceTitle "playchess.com"]
[Source "ChessBase"]
[SourceQuality "1"]
[TimeControl "180+2"]

1. d4 d5 2. c4 c6 3. Nf3 Nf6 4. Nc3 e6 5. e3 Nbd7 6. Qc2 b6 7. Bd3 Bb7 8. b3 {[%emt 0:00:04] D45: Semi-Slav: 5 e3.} Be7 9. cxd5 cxd5 10. Bb2 {[%emt 0:00:05] The position is equal.} Rc8 11. O-O O-O 12. Rac1 a6 13. Qe2 b5 {[%emt 0:00:05] [#]} 14. a4 $146 ({Predecessor:} 14. Ne5 Nxe5 15. dxe5 Ne4 16. Rfd1 Rc7 17. Bb1 Qb8 18. Nxe4 dxe4 19. Rc2 Rfc8 20. Rdc1 Rxc2 21. Rxc2 Rc6 22. Rxc6 Bxc6 23. Qc2 Qb7 24. h3 {½-½ (23) Warneke,P (1297)-Schleu,G (1228) Pinneberg 2012}) 14... b4 15. Nb1 a5 16. Nbd2 Rxc1 17. Rxc1 Qb8 18. Bb5 Rc8 19. Qd1 Bd6 20. h3 Kf8 21. Rxc8+ Qxc8 22. Ne5 Qc7 23. f4 Nb6 24. Qc1 Qxc1+ (24... Ne4 {is interesting.} 25. Bd3 Qxc1+ 26. Bxc1 Nc3) 25. Bxc1 Bc7 26. Kf2 Nc8 27. Bd3 Nd6 28. g3 Nfe4+ 29. Nxe4 dxe4 30. Be2 Bd5 31. Nc4 Nxc4 32. Bxc4 Bxc4 33. bxc4 $15 {[%emt 0:00:02][%mdl 4096] Endgame KB-KB} f5 34. Bb2 $1 Kf7 35. Ke2 {[%emt 0:00:02] [#]} (35. h4 $15) 35... g5 $1 $17 36. Kf2 Kg6 37. Ba1 h5 {[%emt 0:00:06] And now ...h4 would win.} 38. h4 $2 {[%emt 0:00:01][%mdl 8192] This move loses the game for White.} (38. fxg5 $17 Kxg5 39. Bb2) 38... gxh4 $19 {[%emt 0:00:02] Black is clearly winning.} 39. gxh4 Bd8 40. Kg3 Kf7 41. Bb2 Ke8 42. Bc1 b3 43. Bb2 Kd7 44. Bc3 Be7 45. Bb2 Kc6 46. Kh3 Bb4 47. Kg3 Be1+ {[%emt 0:00:02] Weighted Error Value: White=0.37/Black=0.04 (flawless)} 0-1

[Event "10th Norway Chess Blitz 2022"]
[Site "Stavanger"]
[Date "2022.05.30"]
[Round "5.2"]
[White "Anand, Viswanathan"]
[Black "Giri, Anish"]
[Result "0-1"]
[ECO "B90"]
[WhiteElo "2751"]
[BlackElo "2761"]
[Annotator "TA"]
[PlyCount "83"]
[EventDate "2022.05.30"]
[EventType "tourn"]
[EventCountry "NOR"]
[SourceTitle "playchess.com"]
[Source "ChessBase"]
[SourceQuality "1"]
[TimeControl "180+2"]

1. e4 c5 2. Nf3 d6 3. d4 cxd4 4. Nxd4 Nf6 5. Nc3 a6 6. a4 e5 7. Nf3 Be7 8. Bg5 {[%emt 0:00:04] seems to push 8.Bc4 aside.} Be6 {[%emt 0:00:01] B90: Sicilian Najdorf: Unusual White 6th moves, 6 Be3 Ng4 and 6 Be3 e5.} 9. Bxf6 Bxf6 10. Nd5 {[%emt 0:00:01] Prevents Qb6.} Nd7 {[%emt 0:00:03] The position is equal.} 11. Bc4 Rc8 12. Qe2 Nb6 13. Nxb6 Qxb6 14. Bxe6 fxe6 15. c3 {[%emt 0:00:03] Prevents Qb4.} O-O 16. O-O Qc6 17. Ne1 Bd8 18. Nd3 {[%emt 0:00:12] [#]} a5 $146 ({Predecessor:} 18... Bb6 19. Kh1 Rf6 20. f3 Rcf8 21. Rfd1 h6 22. Nb4 Qc7 23. Nc2 Qc6 24. Ne3 Bxe3 25. Qxe3 R6f7 26. Rd3 Rd7 27. h3 Re8 28. b3 b5 29. axb5 axb5 30. Re1 {½-½ (30) Anand,V (2764)-Giri,A (2779) Paris 2019}) 19. Kh1 b5 20. f4 bxa4 21. fxe5 {[%emt 0:00:02] Strongly threatening Rxf8+.} (21. Qg4 {with more complications.} Qc4 22. fxe5 Bc7 23. Rxf8+ Rxf8 24. Nf4) 21... Be7 22. Rfd1 d5 (22... Rcd8 $5 ) 23. exd5 exd5 24. Qg4 a3 25. bxa3 Kh8 26. h3 Qc4 27. Qd7 $36 {[%emt 0:00:08][%mdl 2048] White is pushing.} Bh4 28. e6 {[%emt 0:00:07] And now e7 would win.} Qe4 29. Qa7 Qxe6 30. Qxa5 Qe4 {[%emt 0:00:02] aiming for ...Rf3.} 31. Qb4 Rf7 (31... Bf6 $11 32. Nc5 Qe3) 32. Nc5 $14 Qxb4 {[%emt 0:00:03] Loses the game.} ({Black should play} 32... Qe7 $14 33. Ne6 (33. Rxd5 Be1 $15) 33... Qf6) 33. cxb4 $18 (33. axb4 $6 Rf5 34. b5 g6) 33... d4 34. Nd3 ({Don't take} 34. Rxd4 $6 Bf6 35. Rf4 Kg8 $18) 34... Bg3 35. a4 Rc3 36. a5 Rb3 37. a6 Ra7 38. Kg1 h6 {[%emt 0:00:01] White is clearly better.} 39. Kf1 Kh7 40. Ke2 Re7+ {[%emt 0:00:01] [#]} 41. Kd2 $1 Re3 {[%emt 0:00:00] [#]} 42. a7 $4 {[%emt 0:00:07][%mdl 8192] Weighted Error Value: White=0.12 (very precise) /Black=0.27 (precise)} ({Not} 42. Nc5 Rb2+ 43. Kc1 Ree2 $15) (42. Kc2 $1 $18 {[%cal Rc2b3] is the narrow road to win.} Rc3+ 43. Kb1) 0-1

[Event "10th Norway Chess Blitz 2022"]
[Site "Stavanger"]
[Date "2022.05.30"]
[Round "5.3"]
[White "Mamedyarov, Shakhriyar"]
[Black "Radjabov, Teimour"]
[Result "1/2-1/2"]
[ECO "D13"]
[WhiteElo "2770"]
[BlackElo "2753"]
[Annotator "TA"]
[PlyCount "81"]
[EventDate "2022.05.30"]
[EventType "tourn"]
[EventCountry "NOR"]
[SourceTitle "playchess.com"]
[Source "ChessBase"]
[SourceQuality "1"]
[TimeControl "180+2"]

1. d4 d5 2. c4 c6 3. Nf3 Nf6 4. cxd5 cxd5 5. Nc3 Nc6 6. Bf4 e6 7. e3 Bd6 8. Bxd6 Qxd6 9. Be2 O-O 10. O-O Bd7 11. a3 Rfc8 {[%emt 0:00:05] D13: Slav Defence: Exchange variation without ...Bf5.} 12. Rc1 Be8 13. Bd3 {[%emt 0:00:30] [#]} g6 $146 ({Predecessor:} 13... Na5 14. Qe2 Rab8 15. e4 dxe4 16. Nxe4 Qf4 17. Nxf6+ Qxf6 18. Qe4 g6 19. Ne5 Nc6 {½-½ (30) Markowski,T (2581)-Jirovsky,M (2480) Germany 2013}) 14. h3 Kg7 15. Qe2 a6 16. e4 dxe4 17. Nxe4 Nxe4 18. Qxe4 Rc7 19. Rc3 Rac8 20. Rfc1 Ne7 21. Rxc7 {[%emt 0:00:03] The position is equal.} (21. Rc5 {with more complications.} Rc6 22. Qe3 Nd5 23. Qe5+) 21... Rxc7 22. Rxc7 Qxc7 23. Qe5+ Qxe5 24. dxe5 $11 {[%emt 0:00:07][%mdl 4096] Endgame KBN-KBN} Bc6 25. Nd4 Bd5 26. Ne2 f6 27. exf6+ Kxf6 28. f4 e5 29. Kf2 exf4 30. Nxf4 Bc6 31. g3 Nd5 32. Nxd5+ Bxd5 {[%emt 0:00:01] KB-KB} 33. Ke3 Ke5 34. h4 a5 35. Bc2 b6 36. Bd3 Be6 37. Bc2 Bd5 38. Bd3 Be6 39. Bc2 Bd5 40. Bd3 Be6 41. Bc2 {[%emt 0:00:05] Weighted Error Value: White=0.05 (flawless) /Black=0.05 (flawless)} 1/2-1/2

[Event "10th Norway Chess Blitz 2022"]
[Site "Stavanger"]
[Date "2022.05.30"]
[Round "5.4"]
[White "Vachier-Lagrave, Maxime"]
[Black "Topalov, Veselin"]
[Result "0-1"]
[ECO "B57"]
[WhiteElo "2750"]
[BlackElo "2730"]
[Annotator "TA"]
[PlyCount "81"]
[EventDate "2022.05.30"]
[EventType "tourn"]
[EventCountry "NOR"]
[SourceTitle "playchess.com"]
[Source "ChessBase"]
[SourceQuality "1"]
[TimeControl "180+2"]

1. e4 c5 2. Nf3 d6 3. d4 cxd4 4. Nxd4 Nf6 5. Nc3 Nc6 6. Bc4 Qb6 7. Nxc6 bxc6 8. O-O g6 9. b3 Bg7 {[%emt 0:00:02] B57: Classical Sicilian: Sozin with 6...Qb6.} 10. Bb2 O-O 11. Qe1 Qc7 {[%emt 0:00:11] [#] The position is equal.} 12. f4 $146 (12. Rd1 $11) ({Predecessor:} 12. Kh1 Bb7 13. Bd3 e5 14. Na4 Nh5 15. Rd1 f5 16. c4 Nf4 17. Bb1 fxe4 18. Bxe4 {½-½ (24) Areshchenko,A (2647)-Jankovic,A (2541) Dresden 2007}) 12... d5 (12... Nxe4 $5 13. Qxe4 d5 $15) 13. exd5 cxd5 14. Bd3 (14. Nxd5 $2 Nxd5 15. Bxg7 Kxg7 $19) 14... Ba6 15. Bxa6 (15. Na4 $11 Bxd3 16. cxd3) 15... Qb6+ $15 16. Kh1 {[%emt 0:00:01] Hoping for Bd3.} Qxa6 17. Qxe7 d4 ({Better is} 17... Rfe8 $17 18. Qa3 Qxa3 19. Bxa3 Rac8) 18. Qe2 $11 Qc6 ({Black should play} 18... Qb7 $11 19. Qb5 Qc7) 19. Nb5 $14 Rfe8 20. Qd3 (20. Nxd4 Rxe2 21. Nxc6 Rxc2 22. Ne7+ Kh8 $11) 20... Ng4 21. Nxd4 Qc5 {[%emt 0:00:01] [#]} 22. c3 $2 (22. h3 $1 $16 {[%cal Rh3g4] keeps the pressure on.} Ne3 23. Rf3) 22... Re3 $40 {[%emt 0:00:06][%mdl 128] Black is out for blood.} 23. Qd2 {[%emt 0:00:04] aiming for h3.} Rae8 {[%emt 0:00:25] Black is more active.} (23... Bxd4 $17 24. cxd4 (24. h3 $2 Qd5 $19) 24... Qh5) 24. h3 $11 Qh5 (24... Bxd4 $11 {and Black is okay.} 25. hxg4 (25. cxd4 Qd5 $17) (25. Qxd4 $2 Qh5 $19) 25... Re2 26. Qxd4 (26. cxd4 Qd5 $17) 26... Qxd4 27. cxd4 Rxb2) 25. Rae1 $4 (25. Nf3 $18) 25... Bxd4 26. cxd4 $2 {[%emt 0:00:07] [#]} (26. Rxe3 Bxe3 27. Qe2) 26... Rxh3+ $1 $19 {[%emt 0:00:02][%mdl 512] Black is clearly winning.} 27. gxh3 Qxh3+ 28. Kg1 Rxe1 29. Rxe1 Qg3+ 30. Kf1 Nh2+ 31. Qxh2 Qxh2 {[%emt 0:00:01][%mdl 4096] Endgame KQ-KRB} 32. Ba1 Qxf4+ 33. Ke2 h5 34. Kd3 h4 35. d5 Qf3+ 36. Kc4 g5 37. Be5 h3 38. d6 f6 39. Bd4 Qc6+ 40. Bc5 h2 41. Kd4 {[%emt 0:00:04] Weighted Error Value: White=0.98/Black=0.26 (precise)} 0-1

[Event "10th Norway Chess Blitz 2022"]
[Site "Stavanger"]
[Date "2022.05.30"]
[Round "5.5"]
[White "Tari, Aryan"]
[Black "So, Wesley"]
[Result "0-1"]
[ECO "C67"]
[WhiteElo "2654"]
[BlackElo "2766"]
[Annotator "TA"]
[PlyCount "120"]
[EventDate "2022.05.30"]
[EventType "tourn"]
[EventCountry "NOR"]
[SourceTitle "playchess.com"]
[Source "ChessBase"]
[SourceQuality "1"]
[TimeControl "180+2"]

1. e4 e5 2. Nf3 Nc6 3. Bb5 Nf6 4. O-O Nxe4 5. d4 Nd6 6. dxe5 Nxb5 7. a4 d6 8. axb5 Nxe5 9. Nd4 {[%emt 0:00:52] C67: Ruy Lopez: Berlin Defence: 4 0-0 Nxe4.} Be7 {[%emt 0:00:13] [#]} 10. Nc3 $146 ({Predecessor:} 10. f4 Nc4 11. Re1 Nb6 12. Qe2 Be6 13. f5 Bc4 14. Qg4 O-O 15. b3 c5 16. bxc6 Bd5 {0-1 (60) Babazada,K (2431)-Oparin,G (2685) Chess.com INT 2022}) 10... O-O 11. Nd5 {[%emt 0:00:02] Black is slightly better.} Re8 12. Ra3 Bg4 13. Qe1 Bf8 {[%emt 0:00:11][%cal Oe5f3] And now ...Nf3+! would win.} 14. Qb4 {[%emt 0:00:05] [#]} (14. Qc3 $17) 14... Qd7 (14... Bd7 $1 $19 {has better winning chances. aiming for ...c6.} 15. Qb3 c6 16. bxc6 bxc6) 15. Rg3 $17 Kh8 (15... c6 $17 16. bxc6 bxc6) 16. h3 (16. Bg5 $11 {remains equal.}) 16... Bh5 (16... Be6 $17 17. Nxe6 fxe6) 17. Qc3 c5 18. bxc6 $1 bxc6 19. Nf4 Bg6 20. Nxg6+ hxg6 21. f4 c5 22. fxe5 cxd4 23. Qxd4 Rxe5 24. Bf4 Rf5 25. Rgf3 Rc8 {[%emt 0:00:04] Black continues to play with concentration.} 26. c3 Kg8 27. Be3 a5 28. Rxf5 gxf5 29. Qd5 Qe6 30. Qf3 g6 31. Rd1 a4 32. Rd2 $2 (32. Bd4 $17) 32... a3 $19 33. bxa3 Rxc3 34. Re2 Rxa3 35. Qf2 Ra1+ 36. Kh2 Bg7 37. Bf4 Be5 {[%emt 0:00:03] [#] ...Bxf4+ is the strong threat.} 38. Bxe5 dxe5 {[%emt 0:00:01][%mdl 4096] Endgame KQR-KQR} 39. Qc5 e4 40. Rd2 {[%emt 0:00:03] Black must now prevent Rd8+.} Ra8 {[%emt 0:00:02] Inhibits Rd8+.} 41. Rd6 Qc8 42. Qd5 (42. Qe5 $142 Qb8 43. Kg3) 42... Qb8 {[%emt 0:00:02] ( -> ...Ra6)} 43. Qe5 Qf8 44. Rd7 (44. Rd5 $142 Re8 45. Qg3) 44... Re8 45. Qg3 Rd8 (45... e3 $142 46. Rd1 Qb4) 46. Rb7 (46. Rc7 $142 e3 47. Rc2) 46... Qd6 47. h4 Kg7 (47... f4 $142 48. Qc3 f3+ 49. g3 Qe6) 48. Kh3 Qxg3+ 49. Kxg3 {[%emt 0:00:01] KR-KR} Rd2 50. Rb6 Ra2 51. Rc6 Ra7 52. Kf4 Re7 53. Rc3 Kh6 54. g3 Rd7 {[%emt 0:00:02] Strongly threatening ...Rd3.} 55. Rb3 Rd3 56. Rb8 Rf3+ (56... f6 $142 57. Rh8+ Kg7 58. Rg8+ Kxg8 59. g4 Rf3#) 57. Ke5 {[%emt 0:00:01] Black is clearly winning.} Kg7 58. g4 fxg4 59. Kxe4 Rh3 (59... f5+ $142 60. Ke5 g3) 60. Kf4 Rxh4 {[%emt 0:00:01] Weighted Error Value: White=0.64/Black=0.30} 0-1

[Event "10th Norway Chess Blitz 2022"]
[Site "Stavanger"]
[Date "2022.05.30"]
[Round "6.1"]
[White "Carlsen, Magnus"]
[Black "So, Wesley"]
[Result "0-1"]
[ECO "A00"]
[WhiteElo "2864"]
[BlackElo "2766"]
[Annotator "TA"]
[PlyCount "68"]
[EventDate "2022.05.30"]
[EventType "tourn"]
[EventCountry "NOR"]
[SourceTitle "playchess.com"]
[Source "ChessBase"]
[SourceQuality "1"]
[TimeControl "180+2"]

1. a4 Nf6 2. Nf3 g6 3. g3 Bg7 4. Bg2 O-O 5. d4 d5 6. O-O {[%emt 0:00:03][%cal Oc2c4] A00: Irregular Openings.} c5 7. dxc5 Na6 8. Nc3 {[%emt 0:00:15] The position is equal.} Nxc5 9. Be3 b6 10. a5 Bb7 11. Bd4 {[%emt 0:00:40] [#]} e6 $146 ({Predecessor:} 11... Ncd7 12. Qd3 Re8 13. Ne5 Nxe5 14. Bxe5 e6 15. Rfd1 Nd7 16. Bxg7 Kxg7 17. e4 Nc5 {1-0 (45) Moradiabadi,E (2528)-Chu,R (2267) Chess.com INT 2018}) 12. Ra3 Qe7 13. Qa1 Ncd7 {[%emt 0:00:24] [#] And now ...e5 would win.} 14. Ne5 Nxe5 15. Bxe5 Bc6 16. axb6 axb6 17. Rxa8 Rxa8 18. Qd1 Bf8 19. Qd3 {[%emt 0:00:10] Prevents b5.} Nd7 20. Bd4 Qb4 21. Rb1 Rc8 22. Nd1 $2 {[%emt 0:00:07] [#]} (22. e4 $11 {and White stays safe.}) 22... Bb5 $19 23. Qe3 Rxc2 {[%emt 0:00:05] White must now prevent ...e5.} ({Not} 23... Qe1+ 24. Bf1 Qb4 25. Bc3 $17 (25. Nc3 Bc6 $17)) 24. Bc3 {[%emt 0:00:01] Prevents e5.} Qc5 ({Stronger than} 24... Rxe2 25. Bxb4 Rxe3 26. Nxe3 $15) (24... Qc4 $19 {Strongly threatening ...Bc5.} 25. Qd3 Qa4) 25. Bf1 $17 e5 {[%emt 0:00:07][%cal Be6e5,Be5d4][%mdl 32] Black is more active.} 26. Qxc5 Bxc5 ({Don't take} 26... bxc5 27. Ne3 Rxc3 28. bxc3 $14) 27. e3 (27. b4 $17 Bd6 28. e3 Bxf1 29. Kxf1) 27... Bxf1 $19 28. Kxf1 d4 29. exd4 exd4 30. Be1 Ne5 31. b4 Bd6 32. Rb3 Rc1 33. Nb2 {[%emt 0:00:04] Against d3} (33. f4 {was forced.} Rxd1 34. fxe5 Bxe5 35. Ke2) 33... d3 34. Nxd3 Nxd3 {[%emt 0:00:02] Weighted Error Value: White=0.30/Black=0.09 (flawless)} 0-1

[Event "10th Norway Chess Blitz 2022"]
[Site "Stavanger"]
[Date "2022.05.30"]
[Round "6.3"]
[White "Radjabov, Teimour"]
[Black "Vachier-Lagrave, Maxime"]
[Result "0-1"]
[ECO "D27"]
[WhiteElo "2753"]
[BlackElo "2750"]
[Annotator "TA"]
[PlyCount "92"]
[EventDate "2022.05.30"]
[EventType "tourn"]
[EventCountry "NOR"]
[SourceTitle "playchess.com"]
[Source "ChessBase"]
[SourceQuality "1"]
[TimeControl "180+2"]

1. Nf3 d5 2. d4 Nf6 3. c4 dxc4 4. e3 e6 5. Bxc4 a6 6. b3 c5 7. Bb2 cxd4 8. Nxd4 Be7 9. O-O O-O {[%emt 0:00:02] D27: Queen's Gambit Accepted: Classical main line: 7 e4!? and 7 a4.} 10. Nd2 {[%emt 0:00:01] [#]} b5 $146 ({Predecessor:} 10... Bd7 11. N2f3 Nc6 12. Qe2 b5 13. Bd3 Rc8 14. Rac1 Qb6 15. Rfd1 Rfd8 16. e4 Be8 17. Nxc6 Bxc6 {½-½ (59) Schneider,L (1480)-Sefeloge,M (1763) Wiesbaden 2018}) 11. Be2 Bb7 {[%emt 0:00:01] The position is equal.} 12. Rc1 h6 13. Bf3 Nd5 14. Ne4 Qb6 {[%emt 0:00:04] Against Nc5} 15. Ng3 {[%emt 0:00:31] And now Bxd5 would win.} Rd8 16. Nh5 {[%emt 0:00:10][%cal Oh5g7] aiming for Nxg7!} Nf6 (16... Bf8 $5 ) 17. Qe2 Nxh5 18. Bxb7 Qxb7 19. Qxh5 Bf6 20. Ba1 Rd5 21. Qf3 Bxd4 22. Bxd4 Nc6 23. Bc3 Rad8 24. h3 Qd7 25. Rc2 b4 26. Bb2 a5 27. Qg4 Ne5 28. Qg3 Ng6 {[%emt 0:00:01] Active counter play!} 29. Kh2 (29. Qf3 $11 {keeps the balance.}) 29... Rg5 $17 30. Qc7 {[%emt 0:00:01] [#]} Qxc7+ $1 ({But not} 30... Qd5 31. f4 Rd7 32. Qc8+ (32. fxg5 $2 Rxc7 33. Rxc7 Qd6+ 34. Kg1 Qxc7 $19) 32... Rd8 33. Qc7 $14 (33. fxg5 Rxc8 34. Rxc8+ Kh7 $11)) 31. Rxc7 Rd2 32. Bc1 Rxa2 {[%emt 0:00:02] Hoping for ...Rd5.} 33. e4 {[%emt 0:00:00] Against Rd5} Rb5 34. Be3 {[%emt 0:00:03] [#]} (34. f4 $17 {was necessary.}) 34... a4 (34... Rb2 $1 $19 {[%cal Rb2b3] has better winning chances.} 35. Rd1 Rxb3 36. Rd8+ Kh7) 35. Rb1 {[%emt 0:00:03] White does not recover from this.} (35. bxa4 $17 Rxa4 36. Rb1) 35... a3 $19 36. Rc4 $2 (36. Rd1 {was worth a try.} Rb8 37. Ra7) 36... Ne5 37. Rd4 Rc2 38. Rbd1 Nc6 39. Rd7 a2 40. Rc7 (40. Ra1 $142) 40... Ra5 {[%emt 0:00:01] Black is clearly winning.} 41. Ra1 Ra6 42. Rb7 Rc3 43. Rb6 Rxb6 44. Bxb6 Rc2 45. f4 e5 46. Kg3 Nd4 {[%emt 0:00:03] Weighted Error Value: White=0.50/Black=0.10 (very precise)} 0-1

[Event "10th Norway Chess Blitz 2022"]
[Site "Stavanger"]
[Date "2022.05.30"]
[Round "6.5"]
[White "Wang, Hao"]
[Black "Anand, Viswanathan"]
[Result "1/2-1/2"]
[ECO "C67"]
[WhiteElo "2744"]
[BlackElo "2751"]
[Annotator "TA"]
[PlyCount "79"]
[EventDate "2022.05.30"]
[EventType "tourn"]
[EventCountry "NOR"]
[SourceTitle "playchess.com"]
[Source "ChessBase"]
[SourceQuality "1"]
[TimeControl "180+2"]

1. e4 e5 2. Nf3 Nc6 3. Bb5 Nf6 4. O-O Nxe4 5. Re1 Nd6 6. Nxe5 Be7 7. Bf1 Nxe5 8. Rxe5 O-O 9. Nc3 {[%emt 0:00:03] C67: Ruy Lopez: Berlin Defence: 4 0-0 Nxe4.} Bf6 10. Re1 Re8 11. Nd5 Rxe1 12. Qxe1 b6 13. Nxf6+ Qxf6 14. d3 Bb7 15. Qc3 Qxc3 16. bxc3 {[%emt 0:00:02] [#]} Ne8 $146 ({Predecessor:} 16... Re8 17. c4 Bc6 18. Bf4 {½-½ (18) Shirov,A (2662)-Navara,D (2697) Tornelo INT 2020}) 17. c4 c5 18. f3 Nd6 (18... d5 $11 {might be stronger.}) 19. Kf2 Bc6 20. g3 Ba4 21. c3 Nb7 22. Bf4 Re8 23. Bh3 f6 24. Bf5 g6 25. Be4 Bc6 26. g4 Kf7 27. h4 Na5 28. Rh1 Bxe4 29. fxe4 $11 {[%emt 0:00:01][%mdl 4096] Endgame KRB-KRN} Nc6 30. h5 g5 31. Bg3 Ne5 32. Bxe5 fxe5 {[%emt 0:00:00] KR-KR} 33. Ke3 h6 34. Rf1+ Ke6 35. a4 a5 36. Rb1 Rb8 37. d4 {[%emt 0:00:07] [#] dxc5 is the strong threat.} d6 {[%emt 0:00:01] The position is equal.} 38. d5+ Ke7 39. Rf1 Rf8 40. Rxf8 {[%emt 0:00:03] Weighted Error Value: White=0.07 (flawless) /Black=0.07 (flawless)} 1/2-1/2

[Event "10th Norway Chess Blitz 2022"]
[Site "Stavanger"]
[Date "2022.05.30"]
[Round "7.1"]
[White "Anand, Viswanathan"]
[Black "Carlsen, Magnus"]
[Result "1-0"]
[ECO "B07"]
[WhiteElo "2751"]
[BlackElo "2864"]
[Annotator "TA"]
[PlyCount "86"]
[EventDate "2022.05.30"]
[EventType "tourn"]
[EventCountry "NOR"]
[SourceTitle "playchess.com"]
[Source "ChessBase"]
[SourceQuality "1"]
[TimeControl "180+2"]

1. e4 g6 2. d4 d6 3. Nc3 Bg7 4. Be3 a6 5. h4 Nf6 6. f3 b5 {[%emt 0:00:07] B07: Pirc Defence: Miscellaneous Systems.} 7. Qd2 h5 8. Nh3 Bxh3 {[%emt 0:00:22] The position is equal.} 9. Rxh3 Nbd7 {[%emt 0:00:06] Against e5} 10. O-O-O Qc8 11. Kb1 {[%emt 0:00:11] [#]} c5 $146 ({Predecessor:} 11... Nb6 12. Bd3 b4 13. Ne2 c5 14. dxc5 dxc5 15. e5 Nfd5 16. Be4 e6 17. Qd3 O-O 18. Bc1 Rd8 19. Ka1 Qc7 20. Rhh1 Nc3 {0-1 (20) Sekar,B (2247)-Neelotpal,D (2438) Mumbai 2017}) 12. dxc5 Nxc5 13. Ne2 O-O 14. Bh6 a5 (14... Rd8 $11 {remains equal.}) 15. Bxg7 (15. Nd4 $16) 15... Kxg7 $11 16. Rg3 b4 17. Nd4 {[%emt 0:00:11] Hoping for Nf5+.} Ncxe4 18. fxe4 Nxe4 19. Qe3 Nxg3 20. Qxg3 Qg4 21. Qe1 Rac8 22. g3 (22. Nf3 $11) 22... Rc5 $1 $15 ({Don't play} 22... e5 23. Nb5 $14) 23. Be2 Qe4 {[%emt 0:00:02] White must now prevent ...e5.} 24. Qd2 Re5 25. Bf3 Qe3 26. Qg2 a4 ({Black should play} 26... Rc8 $1 $17) 27. Nc6 Rf5 28. Rd3 $1 $36 {[%emt 0:00:07][%mdl 2048] White fights for an advantage.} Qe1+ 29. Rd1 {[%emt 0:00:01] The board is on fire.} Qe3 30. Rd3 $1 Qc5 {[%emt 0:00:01] Threatens to win with ...e5.} 31. Nxe7 Re5 32. Nd5 Re1+ 33. Bd1 Rfe8 34. Qd2 $2 {[%emt 0:00:06][%mdl 8192] [#]} (34. Qf3 $11 {and White stays safe.}) 34... a3 $2 (34... Qg1 $1 $19 {[%cal Oe1d1] And now ...Rxd1+! would win.} 35. a3 {[#]} (35. Nxb4 $2 Rxd1+ 36. Qxd1 Re1 $19) 35... Rxd1+ $1 36. Qxd1 Re1 37. Qxe1 Qxe1+ 38. Ka2 bxa3 39. Rxa3 Qe2) 35. Qxb4 (35. bxa3 $11 bxa3 36. Kc1) 35... R8e4 $2 (35... Qxb4 $15 {keeps the upper hand.} 36. Nxb4 R8e3 37. Rxd6 Rxg3 38. bxa3 Rgg1) 36. Qxc5 ({Don't take} 36. Qxa3 $6 Rxd1+ 37. Rxd1 Qxd5) (36. Qc3+ $18 Qxc3 37. Nxc3) 36... dxc5 $16 37. bxa3 {[%emt 0:00:04] Strongly threatening Nc3.} c4 38. Rd2 Rg1 39. Nc3 (39. Kb2 $16) 39... Re6 (39... Re3 $11 {keeps the balance.} 40. Ne2 Rxd1+ 41. Rxd1 Rxe2) 40. a4 ({Better is} 40. Rd4 $16) 40... Rxg3 $11 41. Nb5 Re4 (41... c3 $11 42. Rd3 Rxd3 43. cxd3 Ra6) 42. c3 Rxh4 $2 (42... Rd3 $16 {was called for.} 43. Rxd3 cxd3) 43. a5 $18 Rh1 {[%emt 0:00:06] Quite a comeback for White.  Weighted Error Value: White=0.39/Black=0.62} 1-0

[Event "10th Norway Chess Blitz 2022"]
[Site "Stavanger"]
[Date "2022.05.30"]
[Round "7.2"]
[White "Mamedyarov, Shakhriyar"]
[Black "Wang, Hao"]
[Result "1/2-1/2"]
[ECO "D37"]
[WhiteElo "2770"]
[BlackElo "2744"]
[Annotator "TA"]
[PlyCount "74"]
[EventDate "2022.05.30"]
[EventType "tourn"]
[EventCountry "NOR"]
[SourceTitle "playchess.com"]
[Source "ChessBase"]
[SourceQuality "1"]
[TimeControl "180+2"]

1. d4 Nf6 2. c4 e6 3. Nf3 d5 4. Nc3 Be7 5. Bf4 O-O 6. a3 {[%emt 0:00:01] D37: Queen's Gambit Declined: 5 Bf4.} Nbd7 7. Nb5 Ne8 8. e3 a6 {[%emt 0:00:06] seems to push 8...c6 aside.} 9. Nc3 dxc4 10. Bxc4 c5 {[%emt 0:00:06] [#]} 11. dxc5 $146 ({Predecessor:} 11. O-O cxd4 12. exd4 Nb6 13. Ba2 Nf6 14. Re1 Bd7 15. Qd3 Bc6 16. Rad1 Nbd5 17. Bc1 Nxc3 18. bxc3 {½-½ (43) Batsiashvili,N (2425)-Maisuradze,N (2315) Benidorm 2012}) 11... Nxc5 12. Qxd8 Bxd8 13. b4 Nd7 14. O-O Be7 15. Rfd1 Nef6 16. Bd3 b5 17. Ne5 Nxe5 18. Bxe5 Bb7 19. Rac1 Rac8 20. Ne2 Rfd8 21. Nd4 Kf8 22. Rxc8 Rxc8 23. Nb3 Nd7 {[%emt 0:00:13] Inhibits Nc5.} 24. Bd4 g6 25. e4 e5 26. Ba1 f6 27. f3 Nb6 28. Kf1 Bc6 29. Rc1 Bd7 30. Rxc8+ {[%emt 0:00:02] The position is equal.} Bxc8 31. Bb2 Be6 32. Na5 Ke8 33. Bc1 Kd7 34. Ke2 Na4 35. Bc2 Nb6 36. Bd3 Na4 37. Bc2 Nb6 {[%emt 0:00:02] Weighted Error Value: White=0.04 (flawless) /Black=0.03 (flawless)} 1/2-1/2